 Dungeon Crawl Stone Soup version 0.29-a0-11-ga75d3d97ab (webtiles) character file.

Game seed: 7884087620574463192

2890 funkygono the Arsonist (level 9, -2/46 HPs)
             Began as a Gargoyle Fire Elementalist on Jan 28, 2022.
             Was a Follower of Vehumet.
             Slain by Prince Ribbit (11 damage)
             ... on level 8 of the Dungeon.
             The game lasted 00:14:14 (8599 turns).

funkygono the Arsonist (Gargoyle Fire Elementalist) Turns: 8599, Time: 00:14:15

Health: -2/46      AC: 17    Str: 12    XL:     9   Next: 77%
Magic:  2/20       EV:  9    Int: 20    God:    Vehumet [*.....]
Gold:   346        SH:  0    Dex: 10    Spells: 12/22 levels left

rFire   + . .      SeeInvis .   m - +4 flail (protect)
rCold   . . .      Faith    .   (no shield)
rNeg    + . .      Spirit   .   C - +4 ring mail "Helyqarr" {rF+}
rPois   ∞          Reflect  .   k - +1 helmet
rElec   +          Harm     .   (no cloak)
rCorr   .          Rampage  .   (no gloves)
Will    .....                   (no boots)
Stlth   +.........              G - amulet of regeneration
HPRegen 0.95/turn               d - +4 ring of evasion
MPRegen 0.17/turn               y - ring of wizardry

@: held
A: sickness immunity, AC +6, negative energy resistance 1, electricity
resistance, torment resistance 1, petrification resistance
a: Renounce Religion


You were on level 8 of the Dungeon.
You worshipped Vehumet.
Vehumet was aware of your devotion.
You visited 2 branches of the dungeon, and saw 10 of its levels.

You collected 346 gold pieces.

Inventory:

Hand Weapons
 b - a +0 whip
 m - a +4 flail of protection (weapon)
 A - a +4 flail
Missiles
 g - 202 stones
Armour
 h - a +0 leather armour
 k - a +1 helmet (worn)
 o - a +2 robe of positive energy
 p - a scarf of shadows
 q - the +1 ring mail "Elaow" {Int-2 Dex+5}
   (You found it on level 4 of the Dungeon)

   Int:       It affects your intelligence (-2).
   Dex:       It affects your dexterity (+5).
 C - the +4 ring mail "Helyqarr" (worn) {rF+}
   (You found it on level 7 of the Dungeon)

   rF:        It protects you from fire.
Magical Staves
 a - a staff of cold
 u - a staff of earth
Jewellery
 d - a +4 ring of evasion (left hand)
 r - an amulet of faith
 s - a +6 ring of strength
 t - a ring of protection from fire
 y - a ring of wizardry (right hand)
 G - an amulet of regeneration (around neck)
Wands
 n - a wand of iceblast (15)
 B - a wand of flame (9)
Scrolls
 c - 2 scrolls of blinking
 e - 7 scrolls of teleportation
 z - a scroll of fear {unknown}
Potions
 f - a potion of lignification {unknown}
 i - 2 potions of brilliance
 j - 2 potions of flight
 l - 4 potions of curing
 v - a potion of resistance {unknown}
 w - a potion of invisibility {unknown}
 x - 3 potions of magic


   Skills:
 + Level 0.9 Fighting
 + Level 2.4 Maces & Flails
 + Level 2.0 Armour
 + Level 2.0 Dodging
 - Level 2.1 Stealth
 * Level 7.3 Spellcasting
 * Level 6.2 Conjurations
 * Level 8.7 Fire Magic


You had 12 spell levels left.
You knew the following spells:

 Your Spells              Type           Power      Damage    Failure   Level
a - Foxfire               Conj/Fire      100%       2x1d9     1%          1
b - Scorch                Fire           84%        2d9       1%          2
c - Conjure Flame         Conj/Fire      37%        6-21      1%          3
d - Flame Wave            Conj/Fire      37%        2d9       4%          4

Your spell library contained the following spells:

 Spells                   Type           Power      Damage    Failure   Level
 Magic Dart               Conj           100%       1d8       1%          1
 Inner Flame              Hex/Fire       24%        N/A       4%          3
 Tukima's Dance           Hex            7%         N/A       24%         3
 Anguish                  Hex/Necr       3%         N/A       58%         4
 Enfeeble                 Hex            3%         N/A       100%        7


Dungeon Overview and Level Annotations

Branches:
Dungeon (9/15)             Temple (1/1) D:5
   Lair: D:8-11         Orc: D:9-12

Altars:
Ashenzari
Cheibriados
Dithmenos
Elyvilon
Fedhas
Gozag
Hepliaklqana
Kikubaaqudgha
Makhleb
Nemelex Xobeh
Okawaru
Qazlal
Ru
Trog
Uskayaw
Vehumet
Wu Jian
Xom
Yredelemnul
Zin
The Shining One

Annotations:
D:8 Prince Ribbit


Innate Abilities, Weirdness & Mutations

You are immune to sickness and miasma.
Your stone body is resilient. (AC +6)
You are immune to poison.
You resist negative energy. (rN+)
You are resistant to electric shocks. (rElec)
You are resistant to unholy torment.
You are immune to petrification.


Message History

The gnoll sergeant hits you with a +0 trident.
Prince Ribbit closely misses you.
You closely miss the gnoll sergeant.
The gnoll sergeant is almost dead.
Prince Ribbit hits you!
The gnoll sergeant hits you with a +0 trident.
Casting: Scorch (safe; 1% risk of failure)
Confirm with . or Enter, or press ? or * to list all spells.
Casting: Flame Wave (dangerous; 4% risk of failure)
Press: ? - help, Dir - look around, f - activate A wave of flame ripples out!
The flame wave engulfs Prince Ribbit!
Prince Ribbit is lightly wounded.
The flame wave engulfs the gnoll sergeant!
The gnoll sergeant is burned terribly!
You kill the gnoll sergeant!
Vehumet accepts your kill.
You feel your power returning. (Press . to intensify the flame waves.) Prince Ribbit blinks!
Prince Ribbit barely misses you.
Your Armour skill increases to level 2!
A wave of flame ripples out!
The flame wave engulfs Prince Ribbit!
Prince Ribbit is heavily wounded.
The flame wave engulfs the gnoll.
The gnoll is moderately wounded.
Prince Ribbit hits you!
* * * LOW HITPOINT WARNING * * *
The gnoll throws a throwing net.
The throwing net hits you.
You become entangled in the net!
A wave of flame ripples out!
The flame wave engulfs Prince Ribbit.
Prince Ribbit is heavily wounded.
The flame wave engulfs the gnoll.
The gnoll is almost dead.
The flame wave engulfs the gnoll!
The gnoll is heavily wounded.
You finish channelling waves of flame.
You hear a shout! x3
Prince Ribbit barely misses you. The gnoll hits you with a +0 club.
* * * LOW HITPOINT WARNING * * *
Prince Ribbit hits you!
You die...

########## .
.........####..
...............
.......>..†....
......F@g......
.......).).....
.......g(......
...............
...............
#######.#......
#.#....##
#.#.....


You could see Prince Ribbit and 2 gnolls.

Vanquished Creatures
  A wraith (D:9)
  A shadow (D:6)
  Sigmund (D:5)
  An orc warrior (D:7)
  A hornet zombie (D:5)
  2 ice beasts
  2 sky beasts (D:6)
  A necrophage (D:6)
  An ogre (D:4)
  3 centaurs
  A phantom (D:5)
  A bullfrog (D:8)
  A gnoll sergeant (D:8)
  A scorpion (D:4)
  12 killer bees
  2 wights
  A howler monkey (D:7)
  A jelly (D:8)
  A centaur zombie (D:7)
  2 orc priests
  A gnoll shaman (D:5)
  A hound (D:6)
  A centaur skeleton (D:5)
  Jessica (D:3)
  An iguana (D:5)
  Ijyb (D:3)
  Terence (D:2)
  2 orc wizards
  A scorpion zombie (D:5)
  A howler monkey zombie (D:6)
  Robin (D:3)
  4 gnolls (D:5)
  2 adders
  3 dart slugs
  21 orcs
  8 bats
  4 endoplasms
  3 giant cockroaches
  16 goblins
  12 hobgoblins
  4 jackals (D:1)
  3 kobolds
  4 quokkas
  8 ball pythons
  5 frilled lizards
  5 rats
151 creatures vanquished.

Vanquished Creatures (others)
  444 foxfires
444 creatures vanquished.

Grand Total: 595 creatures vanquished

Notes
Turn   | Place    | Note
-------+----------+-------------------------------------------
     0 | D:1      | funkygono the Gargoyle Fire Elementalist began the quest
                  | for the Orb.
     0 | D:1      | Reached XP level 1. HP: 10/10 MP: 3/3
   158 | D:1      | Reached XP level 2. HP: 15/15 MP: 3/5
   163 | D:1      | Learned a level 2 spell: Scorch
   769 | D:1      | Found a faded altar of an unknown god.
   872 | D:1      | Reached XP level 3. HP: 17/19 MP: 1/6
  1350 | D:1      | Learned a level 3 spell: Conjure Flame
  1893 | D:2      | Reached skill level 4 in Fire Magic
  1893 | D:2      | Reached XP level 4. HP: 24/24 MP: 4/8
  2751 | D:3      | Noticed Robin
  2876 | D:3      | Noticed Terence
  3036 | D:2      | Killed Terence
  3205 | D:3      | Noticed Jessica
  3214 | D:3      | Killed Jessica
  3215 | D:3      | Reached XP level 5. HP: 23/28 MP: 1/9
  3342 | D:3      | Noticed Ijyb
  3349 | D:3      | Killed Ijyb
  3454 | D:3      | Killed Robin
  3916 | D:3      | Learned a level 4 spell: Flame Wave
  4055 | D:4      | Reached XP level 6. HP: 32/32 MP: 3/11
  4103 | D:3      | Reached skill level 5 in Fire Magic
  4468 | D:4      | Identified the +1 ring mail "Elaow" {Int-2 Dex+5}
  4568 | D:4      | Found a basalt altar of Yredelemnul.
  4569 | D:4      | Found a sparkling altar of Nemelex Xobeh.
  4587 | D:4      | Reached skill level 1 in Maces & Flails
  4587 | D:4      | Reached XP level 7. HP: 37/37 MP: 3/13
  5044 | D:5      | Entered Level 5 of the Dungeon
  5242 | D:5      | Reached skill level 6 in Fire Magic
  5348 | D:5      | Found a staircase to the Ecumenical Temple.
  5357 | Temple   | Entered the Ecumenical Temple
  5516 | Temple   | Became a worshipper of Vehumet
  6273 | D:5      | Noticed Sigmund
  6284 | D:5      | Killed Sigmund
  6285 | D:5      | Reached skill level 5 in Spellcasting
  6285 | D:5      | Reached XP level 8. HP: 42/42 MP: 10/15
  6498 | D:6      | Noticed a shadow
  6502 | D:6      | Killed a shadow
  6630 | D:6      | Found a sacrificial altar of Ru.
  6762 | D:6      | Reached skill level 7 in Fire Magic
  7072 | D:6      | Reached skill level 5 in Conjurations
  7463 | D:7      | Reached XP level 9. HP: 34/46 MP: 6/18
  7681 | D:7      | Identified the +4 ring mail "Helyqarr" {rF+}
  7790 | D:7      | Reached skill level 1 in Armour
  7795 | D:7      | Reached skill level 8 in Fire Magic
  8125 | D:8      | Reached * piety under Vehumet
  8125 | D:8      | Offered knowledge of Magic Dart by Vehumet.
  8354 | D:8      | You fall into a shaft and drop 1 floor!
  8587 | D:8      | Noticed Prince Ribbit
  8599 | D:8      | Slain by Prince Ribbit

Illustrated notes

Levels and vault maps discovered:
D:1:      psy_arrival_dodecagon, layout_basic, ebering_ecumenical_altar_box
D:2:      layout_basic
D:3:      layout_rooms, uniq_ijyb, uniq_jessica, uniq_robin, uniq_terence
D:4:      layout_rooms, mainiacjoe_overflow_divided_tiny
D:5:      layout_basic, minmay_temple_entry_sparse_star, uniq_sigmund
D:6:      layout_loops_ring, kennysheep_little_box
D:7:      layout_cave_pools, eino_jars
D:8:      layout_basic, chequers_garden, minmay_misc_feat_tower,
          uniq_prince_ribbit1
D:9:      layout_cave_pods, general_overflow_altar, erik_lair_island
Temple:   eino_narrow_crystal_temple

Skill      XL: |  1  2  3  4  5  6  7  8  9 |
---------------+----------------------------+-----
Fire Magic     | 4 5 6 7 8 |  8.7
Spellcasting   | 3 4 5 6 7 |  7.3
Conjurations   | 2 4 5 6 |  6.2
Maces & Flails | 1 2 |  2.4
Armour         | 2 |  2.0
Dodging        | 2 |  2.0
Fighting       | |  0.9
Stealth        | |  2.1

Action                   |  1- 3 |  4- 6 |  7- 9 || total
-------------------------+-------+-------+-------++-------
Melee: Whip              |    10 |     3 |       ||    13
       Flail             |       |    14 |    40 ||    54
 Cast: Foxfire           |    55 |    83 |   122 ||   260
       Scorch            |    11 |    26 |    36 ||    73
       Flame Wave        |       |       |     4 ||     4
  Use: Scroll            |       |     3 |    10 ||    13
Armor: Robe              |     7 |    12 |     5 ||    24
       Ring mail         |       |       |    28 ||    28
Dodge: Dodged            |    23 |    41 |    70 ||   134

Table legend: (Time is in decaauts)
 A = Elapsed time spent in this place.
 B = Non-inter-level travel time spent in this place.
 C = Inter-level travel time spent in this place.
 D = Time resting spent in this place.
 E = Time spent auto-exploring this place.
 F = Levels seen in this place.
 G = Mean time per level.
                   A        B        C        D        E       F      G
               +--------+--------+--------+--------+--------+-----+--------+
         Total |   8621 |   8430 |    191 |    557 |   6394 |  10 |  862.1 |
       Dungeon |   8427 |   8251 |    176 |    557 |   6229 |   9 |  936.3 |
        Temple |    194 |    180 |     14 |      0 |    165 |   1 |  194.0 |
               +--------+--------+--------+--------+--------+-----+--------+

Top non-repeatable levels by time:
     D:2: 1639 daAuts
     D:1: 1469 daAuts
     D:5: 1260 daAuts
     D:3: 994 daAuts
     D:4: 948 daAuts
     D:6: 866 daAuts
     D:7: 708 daAuts
     D:8: 304 daAuts
     D:9: 234 daAuts
  Temple: 194 daAuts
